 Dungeon Crawl Stone Soup version 0.23-a0-189-gc87c613 (webtiles) character file.

2845 Sylvia the Covert (level 9, 0/67 HPs)
             Began as a Demonspawn Assassin on Sept 23, 2018.
             Was a Priest of Dithmenos.
             Slain by an orc warrior
             ... wielding a +0 trident
              (13 damage)
             ... on level 8 of the Dungeon.
             The game lasted 00:33:05 (8659 turns).

Sylvia the Covert (Demonspawn Assassin)             Turns: 8659, Time: 00:33:05

Health: 0/67       AC:  4    Str: 15    XL:     9   Next: 46%
Magic:  9/9        EV: 17    Int: 13    God:    Dithmenos [***...]
Gold:   364        SH:  0    Dex: 14    Spells: 8/8 levels left

rFire    . . .     SeeInvis .   l - +1 dagger (elec)
rCold    . . .     Gourm    .   (no shield)
rNeg     . . .     Faith    .   c - +0 robe
rPois    .         Spirit   .   (helmet restricted)
rElec    .         Reflect  .   d - +0 cloak
rCorr    .         Harm     .   (no gloves)
MR       .....                  i - +0 pair of boots
Stlth    +++++++...             (no amulet)
HPRegen  0.21/turn              (no ring)
MPRegen  0.11/turn              (no ring)

@: wreathed by umbra
A: horns 2, repulsion field 2, nightstalker 1
a: Shadow Step, Renounce Religion


You were on level 8 of the Dungeon.
You worshipped Dithmenos.
Dithmenos was most pleased with you.
You were not hungry.

You visited 1 branch of the dungeon, and saw 8 of its levels.

You collected 364 gold pieces.

Inventory:

Hand Weapons
 a - a +2 dagger
 b - a +0 blowgun
 j - a +0 long sword
 l - a +1 dagger of electrocution (weapon)
 t - a +0 club
 u - a cursed +0 club
 H - a +0 shortbow
 N - a +0 shortbow
Missiles
 e - 63 poisoned needles
 f - 2 curare-tipped needles
 p - 2 needles of sleeping
 s - 165 stones (quivered)
 I - 37 arrows
 S - 27 sling bullets
Armour
 c - a +0 robe (worn)
 d - a +0 cloak (worn)
 i - a +0 pair of boots (worn)
 o - a +0 robe
 v - a +2 animal skin
 w - a +0 helmet
 F - a +0 helmet
 O - a cursed +0 chain mail
 T - a +1 ring mail of fire resistance
Jewellery
 m - an uncursed ring of wizardry {unknown}
 C - a +2 ring of dexterity {unknown}
 P - an uncursed amulet of regeneration {unknown}
Wands
 G - a wand of digging (11)
 R - a wand of flame (20)
Scrolls
 n - 6 scrolls of identify
 y - 2 scrolls of magic mapping
 z - 4 scrolls of remove curse
 A - 7 scrolls of teleportation
 B - a scroll of immolation {unknown}
 J - 2 scrolls of fear {unknown}
 M - a scroll of fog {unknown}
 Q - a scroll of random uselessness {unknown}
Potions
 h - 5 potions of curing {unknown}
 k - 2 potions of might {unknown}
 q - 3 potions of heal wounds {unknown}
 r - 3 potions of mutation {unknown}
 x - 5 potions of brilliance {unknown}
 D - a potion of berserk rage {unknown}
 E - 4 potions of flight {unknown}
 K - a potion of agility {unknown}
 L - 2 potions of ambrosia {unknown}
Comestibles
 g - 11 rations


   Skills:
 + Level 4.8 Fighting
 + Level 6.4 Short Blades
 + Level 1.7 Throwing
 + Level 4.8 Dodging
 + Level 9.6 Stealth


You had 8 spell levels left.
You didn't know any spells.
Your spell library contained the following spells:

 Spells                   Type           Power        Failure   Level  Hunger
 Sandblast                Erth           #.....       30%         1    ##.....
 Passwall                 Tmut/Erth      #.......     43%         2    ###....
 Stone Arrow              Conj/Erth      #.....       67%         3    ####...
 Petrify                  Tmut/Erth      #.......     97%         4    #####..
 Lee's Rapid Deconstruct  Erth           #.........   100%        5    ######.


Dungeon Overview and Level Annotations

Branches:
Dungeon (8/15)             Temple (0/1) D:5
   Lair: D:8-11

Altars:
Ashenzari
Cheibriados
Dithmenos
Gozag
Kikubaaqudgha
Ru
Yredelemnul
The Shining One


Innate Abilities, Weirdness & Mutations

You have a pair of horns on your head.
You are surrounded by a moderate repulsion field. (EV +3)
You are slightly more attuned to the shadows.


Message History

Your headbutt misses the orc warrior.
The orc warrior is moderately wounded.
The orc warrior hits you with a trident!
* * * LOW HITPOINT WARNING * * *
As you read the scroll of teleportation, it crumbles to dust.
You feel strangely unstable. The orc warrior barely misses you.
The orc warrior misses you.
Your surroundings seem slightly different.
You start resting.
The orc wizard is too close now for your liking.
The orc wizard mumbles some strange words.
The orc wizard flickers and vanishes!
Deactivating autopickup; reactivate with Ctrl-A.
The orc warrior hits you from afar with a trident!
* * * LOW HITPOINT WARNING * * *
Something hits you.
* * * LOW HITPOINT WARNING * * *
There is a stone staircase leading up here.
The orc warrior hits you from afar with a trident!
You die...

#.##...).....
####.###........
#...............
#...)...........
#...............
#.........#.####
#.......Oo..#
#...........#
#.......@...#
#...........#
####..#####.#
#.## ### #. #


You could see an orc warrior and an ogre.

Vanquished Creatures
  Joseph (D:7)
  Grinder (D:3)
  A hippogriff (D:7)
  A water moccasin (D:5)
  An ice beast (D:5)
  3 phantoms
  An orc warrior (D:6)
  An ogre (D:5)
  A necrophage (D:7)
  3 centaurs
  4 bullfrogs
  2 scorpions
  2 crimson imps (D:6)
  A hound (D:5)
  3 orc priests
  A gnoll shaman (D:5)
  Jessica (D:2)
  A bullfrog skeleton (D:4)
  Terence (D:2)
  2 iguanas (D:4)
  3 orc wizards
  4 worker ants
  2 hound zombies
  Robin (D:2)
  4 gnolls (D:5)
  7 adders
  3 shadow imps
  An ooze (D:4)
  An adder zombie (D:2)
  A worm (D:2)
  3 dart slugs
  4 leopard geckos
  14 orcs
  7 giant cockroaches
  16 hobgoblins
  11 jackals
  7 kobolds
  A ball python (D:1)
  7 bats
  6 frilled lizards
  16 goblins
  A jackal skeleton (D:6)
  A jackal zombie (D:5)
  2 quokka skeletons
  5 rats
  A rat zombie (D:2)
161 creatures vanquished.

Notes
Turn   | Place    | Note
-------+----------+-------------------------------------------
     0 | D:1      | Sylvia the Demonspawn Assassin began the quest for the Orb.
     0 | D:1      | Reached XP level 1. HP: 16/16 MP: 1/1
   275 | D:1      | Reached skill level 4 in Stealth
   413 | D:1      | Gained mutation: You are slightly more attuned to the
                  | shadows. [demonic ancestry]
   413 | D:1      | Reached XP level 2. HP: 13/22 MP: 2/2
  1336 | D:2      | Reached skill level 1 in Dodging
  1404 | D:2      | Noticed Jessica
  1407 | D:2      | Killed Jessica
  1407 | D:2      | Gained mutation: You have a pair of small horns on your
                  | head. [demonic ancestry]
  1407 | D:2      | Reached XP level 3. HP: 27/27 MP: 3/3
  1508 | D:2      | Reached XP level 4. HP: 30/34 MP: 4/4
  1575 | D:2      | Noticed Robin
  1607 | D:2      | Killed Robin
  1632 | D:2      | Found a shadowy altar of Dithmenos.
  1824 | D:2      | Found a basalt altar of Yredelemnul.
  1831 | D:2      | Became a worshipper of Dithmenos the Shadowed
  1873 | D:2      | Found a shattered altar of Ashenzari.
  1881 | D:2      | Found an opulent altar of Gozag.
  1967 | D:2      | Found an ancient bone altar of Kikubaaqudgha.
  2039 | D:2      | Noticed Terence
  2068 | D:2      | Killed Terence
  2068 | D:2      | Reached skill level 5 in Stealth
  2303 | D:3      | Reached XP level 5. HP: 39/39 MP: 5/5
  2749 | D:3      | Reached * piety under Dithmenos
  2893 | D:3      | Found a sacrificial altar of Ru.
  2953 | D:3      | Noticed Grinder
  2962 | D:3      | Killed Grinder
  2962 | D:3      | Gained mutation: You have a pair of horns on your head.
                  | [demonic ancestry]
  2962 | D:3      | Reached XP level 6. HP: 39/46 MP: 6/6
  3899 | D:4      | Reached skill level 6 in Stealth
  3899 | D:4      | Gained mutation: You are surrounded by a mild repulsion
                  | field. (EV +2) [demonic ancestry]
  3899 | D:4      | Reached XP level 7. HP: 41/51 MP: 7/7
  4729 | D:4      | Found a glowing golden altar of the Shining One.
  4845 | D:5      | Entered Level 5 of the Dungeon
  4931 | D:5      | Reached ** piety under Dithmenos
  4945 | D:5      | Reached skill level 7 in Stealth
  5093 | D:5      | Found a staircase to the Ecumenical Temple.
  5138 | D:5      | Gained mutation: You are surrounded by a moderate repulsion
                  | field. (EV +3) [demonic ancestry]
  5138 | D:5      | Reached XP level 8. HP: 58/58 MP: 8/8
  5274 | D:5      | Found a snail-covered altar of Cheibriados.
  5466 | D:5      | Reached skill level 5 in Short Blades
  5611 | D:5      | Reached skill level 8 in Stealth
  6265 | D:6      | Reached *** piety under Dithmenos
  7250 | D:7      | Reached XP level 9. HP: 65/65 MP: 9/9
  7331 | D:7      | Noticed Joseph
  7446 | D:7      | Killed Joseph
  7446 | D:7      | Reached skill level 9 in Stealth
  8659 | D:8      | Slain by an orc warrior

Vault maps used:
D:1:      dpeg_arrival_pits, serial_co_window_serial, co_window_paths_b,
          co_window_corner_a, co_window_paths_a, co_window_paths_a,
          co_window_paths_a, co_window_paths_a, co_window_broadway_c,
          co_window_paths_c, co_window_unsneaky_path_b, co_window_broadway_b,
          co_window_sun, glass_columns_b, glass_columns_a, glass_columns_c,
          glass_columns_a
D:2:      grunt_temple_overflow_cloverleaf, lemuel_zombie_altar_kikubaaqudgha,
          uniq_jessica, uniq_terence, uniq_robin
D:3:      hangedman_ru_absence, first_ration, serial_bayou,
          serial_bayou_shore_b, serial_bayou_lagoon_a, serial_bayou_shore_b,
          serial_bayou_pond_b, uniq_grinder
D:4:      lemuel_crystal_altar
D:5:      minmay_temple_entry_glassed_door, kennysheep_slug_shrine
D:7:      hex_medium, uniq_joseph
D:8:      lair_entry_dummy, the_bakery

Skill      XL: |  1  2  3  4  5  6  7  8  9 |
---------------+----------------------------+-----
Stealth        | 4 5 6 7 8 9 |  9.6
Short Blades   | 2 3 4 5 6 |  6.4
Dodging        | 1 2 3 4 |  4.8
Fighting       | 3 4 |  4.8
Throwing       | |  1.7

Action                   |  1- 3 |  4- 6 |  7- 9 || total
-------------------------+-------+-------+-------++-------
Melee: Dagger            |    70 |   179 |   267 ||   516
       Headbutt          |     1 |    18 |    36 ||    55
  Use: Scroll            |       |     5 |     2 ||     7
 Stab: Sleeping          |    14 |    13 |    22 ||    49
       Distracted        |       |     1 |     2 ||     3
  Eat: Chunk             |     2 |     7 |     9 ||    18
       Ration            |       |       |     2 ||     2
Armor: Robe              |    36 |    34 |    19 ||    89
Dodge: Dodged            |    62 |    82 |   172 ||   316

Table legend:
 A = Non-vault XP
 B = Vault XP
 C = Vault XP percentage of total XP
 D = Non-vault monster count
 E = Vault monster count
 F = Vault count percentage of total count
                 A         B        C        D         E       F
            +---------+---------+-------+---------+---------+-------
      Total |    3163 |     902 |  22.2 |     139 |      22 |  13.7
            +---------+---------+-------+---------+---------+-------
        D:1 |      23 |       0 |   0.0 |      15 |       0 |   0.0
        D:2 |      59 |     113 |  65.7 |      16 |      16 |  50.0
        D:3 |      65 |     310 |  82.7 |      29 |       4 |  12.1
        D:4 |     384 |       0 |   0.0 |      16 |       0 |   0.0
        D:5 |     987 |       4 |   0.4 |      21 |       1 |   4.5
        D:6 |     850 |       0 |   0.0 |      35 |       0 |   0.0
        D:7 |     571 |     475 |  45.4 |       4 |       1 |  20.0
        D:8 |     224 |       0 |   0.0 |       3 |       0 |   0.0
            +---------+---------+-------+---------+---------+-------
